 Dungeon Crawl Stone Soup version 0.21.1-1-g345015f (webtiles) character file.

225 wilfster70 the Ruffian (level 5, -6/53 HPs)
             Began as a Troll Monk on July 20, 2018.
             Was a Believer of Uskayaw.
             Mangled by an ogre
             ... wielding a +0 giant club
              (20 damage)
             ... on level 4 of the Dungeon.
             The game lasted 00:07:28 (2253 turns).

wilfster70 the Ruffian (Troll Monk)                 Turns: 2253, Time: 00:07:29

Health: -6/53      AC:  5    Str: 19    XL:     5   Next: 68%
Magic:  4/4        EV: 10    Int:  7    God:    Uskayaw [**....]
Gold:   149        SH:  0    Dex: 12    Spells: 4/4 levels left

rFire    . . .     SeeInvis .     - Unarmed
rCold    . . .     Gourm    +   (no shield)
rNeg     . . .     Faith    .   a - +0 robe
rPois    .         Spirit   .   (helmet restricted)
rElec    .         Reflect  .   (no cloak)
rCorr    .         Harm     .   (gloves unavailable)
MR       .....                  (boots unavailable)
Stlth    ++........             (no amulet)
HPRegen  0.57/turn              (no ring)
MPRegen  0.09/turn              (no ring)

@: no status effects
A: large, unfitting armour, claws 3, fast metabolism 3, gourmand, regeneration
1, shaggy fur 1, tough skin 2
a: Stomp, Line Pass, Renounce Religion


You were on level 4 of the Dungeon.
You worshipped Uskayaw.
Uskayaw was noncommittal.
You were very full.

You visited 1 branch of the dungeon, and saw 4 of its levels.

You collected 149 gold pieces.

Inventory:

Hand Weapons
 b - a +1 morningstar of holy wrath
Missiles
 e - 132 stones (quivered)
Armour
 a - a +0 robe (worn)
Jewellery
 c - an uncursed ring of fire
 r - an uncursed ring of see invisible {unknown}
Scrolls
 f - a scroll of amnesia {unknown}
 h - a scroll of noise {unknown}
 i - 3 scrolls of identify {unknown}
 j - a scroll of enchant weapon {unknown}
 k - a scroll of teleportation {unknown}
 l - a scroll of magic mapping {unknown}
 o - a scroll of blinking {unknown}
 q - a scroll of remove curse {unknown}
Potions
 d - 2 potions of lignification {unknown}
 g - a potion of mutation {unknown}
 m - 2 potions of agility {unknown}
 n - a potion of invisibility {unknown}
Comestibles
 p - 11 rations
 s - a chunk of flesh


   Skills:
 + Level 3.5 Fighting
 + Level 2.6 Dodging
 - Level 1.0 Stealth
 * Level 5.5 Unarmed Combat


You had 4 spell levels left.
You didn't know any spells.

Dungeon Overview and Level Annotations

Branches:
Dungeon (4/15)
 Temple: D:4-7

Altars:
Ashenzari
Cheibriados
Trog
Uskayaw


Innate Abilities, Weirdness & Mutations

You are too large for most types of armour.
You have claws for hands.
Your metabolism is lightning-fast.
You like to eat raw meat.
Your natural rate of healing is unusually fast.
You are covered in fur. (AC +1)
You have very tough skin. (AC +2)


Message History

You barely miss the ogre. The ogre hits you but does no damage.
You closely miss the ogre. You barely miss the ogre.
The ogre barely misses you.
You claw the ogre!
The ogre is moderately wounded.
The ogre hits you with a giant club!!
You barely miss the ogre.
The ogre is moderately wounded.
The ogre hits you with a giant club!
You scratch the ogre.
The ogre is heavily wounded.
You can now pass through a line of other dancers.
You scratch the ogre.
The ogre is severely wounded.
The ogre hits you with a giant club!
* * * LOW HITPOINT WARNING * * *
You scratch the ogre.
The ogre is severely wounded.
The ogre hits you with a giant club!!
You die...

#..#......#..'.....#.
#..#......'..#.....#.
#..#....>.#..#.....#.
#..#......#..##....#.
#..#......#..##....#.
#..#......#...#....'.
#..#......#...#....#.
#..########...#....#.
#...@.....#...#....#.
#....O....#...#....#.
#+###.....#...#....#.
....######....#.
....# #...##. ###+#


You could see an ogre.

Vanquished Creatures
  An orc priest (D:4)
  An orc wizard (D:3)
  The ghost of dscm the Chiller, a weakling FeIE (D:4)
  A gnoll (D:1)
  6 adders
  3 worms
  2 dart slugs
  3 leopard geckos
  6 orcs
  2 ball pythons
  7 goblins
  13 hobgoblins
  4 jackals (D:2)
  5 quokkas
  5 bats
  A frilled lizard (D:2)
  8 kobolds
  7 rats
76 creatures vanquished.

Notes
Turn   | Place    | Note
-------+----------+-------------------------------------------
     0 | D:1      | wilfster70 the Troll Monk began the quest for the Orb.
     0 | D:1      | Reached XP level 1. HP: 22/22 MP: 0/0
    17 | D:1      | Reached XP level 2. HP: 19/29 MP: 1/1
   305 | D:1      | Reached XP level 3. HP: 22/36 MP: 2/2
   420 | D:1      | You fall through a shaft!
   425 | D:2      | Reached skill level 4 in Unarmed Combat
   699 | D:2      | Found a shattered altar of Ashenzari.
   801 | D:2      | Reached XP level 4. HP: 37/45 MP: 3/3
   863 | D:2      | Found a faded altar of an unknown god.
   886 | D:2      | Became a worshipper of Uskayaw the Reveler
   886 | D:2      | Reached * piety under Uskayaw
   886 | D:2      | Reached ** piety under Uskayaw
  1333 | D:3      | Found a bloodstained altar of Trog.
  1463 | D:3      | Reached skill level 5 in Unarmed Combat
  1536 | D:3      | Reached XP level 5. HP: 51/53 MP: 4/4
  2022 | D:4      | Found a snail-covered altar of Cheibriados.
  2181 | D:4      | Noticed dscm's ghost (weakling FeIE)
  2188 | D:4      | Killed dscm's ghost
  2241 | D:4      | Noticed an ogre
  2253 | D:4      | Mangled by an ogre

Skill      XL: |  1  2  3  4 |
---------------+-------------+-----
Unarmed Combat | 4 5 |  5.5
Fighting       | 3 |  3.5
Dodging        | |  2.6
Stealth        | |  1.0

Action                   |  1- 3 |  4- 6 || total
-------------------------+-------+-------++-------
Melee: Unarmed           |    77 |   132 ||   209
       Punch             |     2 |     3 ||     5
Invok: Stomp             |       |     2 ||     2
 Stab: Sleeping          |     1 |     1 ||     2
  Eat: Chunk             |    13 |    13 ||    26
Armor: Robe              |    31 |    33 ||    64
Dodge: Dodged            |    42 |    52 ||    94
